 Dungeon Crawl Stone Soup version 0.27-a0-686-gaed091b46b (webtiles) character file.

Game seed: 2158534625067702135

60 DarkShadow the Shield-Bearer (level 3, -10/36 HPs)
             Began as a Troll Fighter on Mar 21, 2021.
             Mangled by a gnoll
             ... wielding a +0 halberd
              (17 damage)
             ... on level 2 of the Dungeon.
             The game lasted 00:04:02 (1084 turns).

DarkShadow the Shield-Bearer (Troll Fighter)        Turns: 1084, Time: 00:04:02

Health: -10/36     AC:  5    Str: 25    XL:     3   Next: 80%
Magic:  2/2        EV:  8    Int:  4    God:
Gold:   51         SH:  9    Dex:  9    Spells: 2/2 levels left

rFire    . . .     SeeInvis .   a - +1 flail
rCold    . . .     Faith    .   c - +0 kite shield
rNeg     . . .     Spirit   .   b - +0 robe
rPois    .         Reflect  .   (helmet restricted)
rElec    .         Harm     .   i - +0 cloak
rCorr    .         Rampage  .   (gloves unavailable)
Will     .....                  (boots unavailable)
Stlth    +.........             (no amulet)
HPRegen  1.12/turn              (no ring)
MPRegen  0.08/turn              (no ring)

@: no status effects
A: large, unfitting armour, claws 3, regeneration 1, shaggy fur 1, tough skin 1
a: no special abilities


You were on level 2 of the Dungeon.
You visited 1 branch of the dungeon, and saw 2 of its levels.

You collected 51 gold pieces.

Inventory:

Hand Weapons
 a - a +1 flail (weapon)
Missiles
 f - 5 boomerangs (quivered)
Armour
 b - a +0 robe (worn)
 c - a +0 kite shield (worn)
 i - a +0 cloak (worn)
Scrolls
 e - a scroll of blinking
 g - a scroll of amnesia {unknown}
Potions
 d - a potion of might
 h - a potion of heal wounds {unknown}


   Skills:
 + Level 2.6 Fighting
 + Level 2.5 Maces & Flails
 + Level 2.7 Dodging
 + Level 3.0 Shields


You had 2 spell levels left.
You didn't know any spells.
Your spell library was empty.

Dungeon Overview and Level Annotations

Branches:
Dungeon (2/15)

Altars:


Innate Abilities, Weirdness & Mutations

You are too large for most types of armour.
You have claws for hands.
Your natural rate of healing is unusually fast.
You are covered in fur. (AC +1)
You have tough skin. (AC +1)


Message History

* * * LOW HITPOINT WARNING * * *
You block the gnoll's attack. The gnoll barely misses you.
You block the gnoll's attack.
Found a stone staircase leading down.
You barely miss the gnoll.
The gnoll is severely wounded.
The gnoll hits you with a +0 flail. You block the gnoll's attack.
The gnoll hits you from afar with a +0 spear.
You sock the gnoll!
You kill the gnoll!
The gnoll misses you.
Your Shields skill increases to level 3!
Found 11 gold pieces.
The gnoll barely misses you.
The gnoll hits you from afar with a +0 halberd!
* * * LOW HITPOINT WARNING * * *
There is an open door, spattered with blood here.
A rat comes into view.
You block the gnoll's attack.
You hit the gnoll but do no damage. The gnoll closely misses you.
You block the gnoll's attack. The gnoll barely misses you.
You sock the gnoll!
The gnoll is almost dead.
The gnoll barely misses you. You block the gnoll's attack.
You sock the gnoll!
You kill the gnoll!
You block the gnoll's attack.
The gnoll hits you from afar with a +0 halberd!
You block the gnoll's attack.
There is an open door, spattered with blood here.
You closely miss the gnoll. You block the gnoll's attack.
The rat bites you but does no damage.
You completely miss the gnoll. The gnoll hits you with a +0 halberd!
* * * LOW HITPOINT WARNING * * *
You block the rat's attack. The gnoll hits you with a +0 halberd.
* * * LOW HITPOINT WARNING * * *
You sock the gnoll!
The gnoll is severely wounded.
The rat barely misses you. The gnoll hits you with a +0 halberd!
You die...

.................####...
##..######.........#
#...
#.......##.........#
#...
#........#.........#
#...
#........#)........#
#...
#........#...(.....#
#...
#........#.........#
#...
#.......)#.........##
........r@g.........#
##.#.....#...####.###
#.....##### #.# #.....#
#.# #.....# #.. ....$..#
### ###.....# #.....#


You could see a gnoll and a rat.

Vanquished Creatures
  3 gnolls (D:2)
  A dart slug (D:2)
  A leopard gecko (D:1)
  3 bats
  5 goblins
  5 hobgoblins
  2 frilled lizards
  5 kobolds (D:1)
  A rat (D:1)
26 creatures vanquished.

Notes
Turn   | Place    | Note
-------+----------+-------------------------------------------
     0 | D:1      | DarkShadow the Troll Fighter began the quest for the Orb.
     0 | D:1      | Reached XP level 1. HP: 22/22 MP: 0/0
   293 | D:1      | Reached XP level 2. HP: 23/29 MP: 1/1
   902 | D:2      | Reached XP level 3. HP: 36/36 MP: 2/2
  1071 | D:2      | Reached skill level 3 in Shields
  1084 | D:2      | Mangled by a gnoll

Illustrated notes

Levels and vault maps discovered:
D:1:      enne_arrival_octagon_isle, layout_loops_ring
D:2:      layout_basic, lemuel_round_altar, minitemple,
          minmay_misc_feat_encased, minmay_pentomino_x4

Skill      XL: |  1  2  3 |
---------------+----------+-----
Maces & Flails | 2 |  2.5
Shields        | 3 |  3.0
Fighting       | |  2.6
Dodging        | |  2.7

Action                   || total
-------------------------++-------
Melee: Flail             ||    90
Throw: Boomerang         ||     2
  Use: Scroll            ||     2
Armor: Robe              ||    25
Dodge: Dodged            ||    41
Block: Kite shield       ||    64

Table legend: (Time is in decaauts)
 A = Elapsed time spent in this place.
 B = Non-inter-level travel time spent in this place.
 C = Inter-level travel time spent in this place.
 D = Time resting spent in this place.
 E = Time spent auto-exploring this place.
 F = Levels seen in this place.
 G = Mean time per level.
                   A        B        C        D        E       F      G
               +--------+--------+--------+--------+--------+-----+--------+
         Total |   1131 |   1131 |      0 |    219 |    402 |   2 |  565.5 |
       Dungeon |   1131 |   1131 |      0 |    219 |    402 |   2 |  565.5 |
               +--------+--------+--------+--------+--------+-----+--------+

Top non-repeatable levels by time:
     D:1: 881 daAuts
     D:2: 250 daAuts
